 Dungeon Crawl Stone Soup version 0.28.0-53-g5a82cb258f (webtiles) character file.

Game seed: 4778657293320301442

12538 Plasmagod the Cleaver (level 11, -1/97 HPs)
             Began as a Minotaur Fighter on July 11, 2022.
             Was an Elder of Dithmenos.
             Hit by a javelin thrown by Urug (16 damage)
             ... on level 11 of the Dungeon.
             The game lasted 01:13:36 (12210 turns).

Plasmagod the Cleaver (Minotaur Fighter)           Turns: 12210, Time: 01:13:36

Health: -1/97      AC: 17    Str: 24    XL:     11   Next: 63%
Magic:  10/10      EV: 12    Int:  5    God:    Dithmenos [****..]
Gold:   661        SH: 12    Dex: 21    Spells: 10/10 levels left

rFire   + . .      SeeInvis .   y - +8 hand axe "Etorr" {flame, rF+ rCorr Dex+4}
rCold   . . .      Faith    .   o - +0 kite shield
rNeg    + . .      Spirit   .   M - +0 plate armour
rPois   .          Reflect  .   (helmet restricted)
rElec   .          Harm     .   r - +1 cloak
rCorr   +          Rampage  .   (no gloves)
Will    +++..      Clarity  +   (no boots)
Stlth   ..........              n - amulet of the Four Winds {rN+ Will+++ Clar}
HPRegen 0.26/turn               G - +6 ring of dexterity
MPRegen 0.12/turn               J - +4 ring of evasion

@: about to teleport, hasted, wreathed by umbra, very quick
A: horns 2, retaliatory headbutt
a: Renounce Religion, Shadow Step


You were on level 11 of the Dungeon.
You worshipped Dithmenos.
Dithmenos was greatly pleased with you.
You visited 1 branch of the dungeon, and saw 11 of its levels.
You also visited: Sewer.

You collected 841 gold pieces.
You spent 180 gold pieces at shops.

Inventory:

Hand Weapons
 a - a +1 long sword of freezing
 m - a +1 short sword of venom
 w - a +8 falchion of pain
 y - the +8 hand axe "Etorr" (weapon) {flame, rF+ rCorr Dex+4}
   (You found it on level 5 of the Dungeon)

   It burns those it strikes, dealing additional fire damage.
   Big, fiery blades are also staple armaments of hydra-hunters.
   Dex:       It affects your dexterity (+4).
   rF:        It protects you from fire.
   rCorr:     It protects you from acid and corrosion.
 C - a +0 whip
Missiles
 g - 208 stones (quivered)
 t - 7 silver boomerangs
 u - 8 throwing nets
Armour
 o - a +0 kite shield (worn)
 r - a +1 cloak (worn)
 M - a +0 plate armour (worn)
Jewellery
 n - the amulet of the Four Winds (around neck) {rN+ Will+++ Clar}
   (You found it on level 4 of the Dungeon)

   [amulet of nothing]

   rN:        It protects you from negative energy.
   Clar:      It protects you against confusion.
   Will:      It greatly increases your willpower.
 q - a ring of ice
 D - an amulet of the acrobat
 G - a +6 ring of dexterity (left hand)
 J - a +4 ring of evasion (right hand)
Wands
 b - a wand of polymorph (12)
 e - a wand of digging (5)
 s - a wand of paralysis (13)
 v - a wand of acid (9)
 B - a wand of flame (17)
 E - a wand of iceblast (1)
Scrolls
 c - 4 scrolls of identify
 f - a scroll of teleportation
 i - a scroll of enchant armour
 F - 4 scrolls of magic mapping
 I - a scroll of brand weapon
 L - 2 scrolls of amnesia
Potions
 d - a potion of mutation
 h - 2 potions of curing
 j - a potion of berserk rage
 k - 3 potions of brilliance
 l - 2 potions of lignification
 p - 3 potions of invisibility
 x - a potion of resistance
 z - a potion of flight
 H - a potion of attraction


   Skills:
 + Level 9.4 Fighting
 + Level 9.0 Long Blades
 + Level 11.8 Axes
 + Level 2.6 Throwing
 * Level 10.9 Armour
 + Level 3.7 Dodging
 + Level 1.2 Stealth
 + Level 9.1 Shields
 + Level 1.8 Evocations


You had 10 spell levels left.
You didn't know any spells.
Your spell library contained the following spells:

 Spells                   Type           Power      Damage    Failure   Level
 Inner Flame              Hex/Fire       0%         N/A       100%        3
 Cause Fear               Hex            0%         N/A       100%        4
 Discord                  Hex            0%         N/A       100%        8


Dungeon Overview and Level Annotations

Branches:
Dungeon (11/15)            Temple (0/1) D:7             Orc (0/2) D:10
  Sewer (visited)
   Lair: D:8-11

Altars:
Dithmenos
Fedhas
Gozag
Hepliaklqana
Kikubaaqudgha
Nemelex Xobeh
Okawaru
Qazlal
Trog
Uskayaw
Vehumet

Shops:
D:1 *   D:5 !   D:9 :

Annotations:
D:7 1 runed translucent door, aloneDruid's ghost, novice DgGl
D:8 exclusion: orange crystal statue
D:11 Urug


Innate Abilities, Weirdness & Mutations

You have a pair of horns on your head.
You reflexively headbutt those who attack you in melee.


Message History

Press: ? - help, v - describe, . - travel
Here: Urug, wielding a +7 broad axe, wearing a +1 scale mail of cold resistance and quivering javelins (umbra)
The floor.
Aiming: Paralyse
Press: ? - help, Shift-Dir - straight line, f - Urug
Aim: Urug, wielding a +7 broad axe, wearing a +1 scale mail of cold resistance and quivering javelins (umbra, chance to affect: 36%) Urug easily resists.
Urug throws a javelin.
The javelin barely misses you. You block Urug's attack.
You hit Urug but do no damage. You block Urug's attack.
You slash Urug! You burn Urug.
Urug is lightly wounded.
Your shadow closely misses Urug.
Urug hits you but does no damage.
You hit Urug but do no damage.
Urug is lightly wounded.
Urug barely misses you.
You slash Urug! You burn Urug. Your headbutt misses Urug.
Urug is moderately wounded.
Urug screams, "Payback for my eye!"
Urug hits you with a +7 broad axe!!
Okay, then.
You feel yourself speed up. Urug hits you with a +7 broad axe.
You closely miss Urug. Your headbutt misses Urug.
Urug is moderately wounded.
You slash Urug! You burn Urug.
Urug is heavily wounded.
Urug hits you with a +7 broad axe!
* * * LOW HITPOINT WARNING * * *
You feel much better. You block Urug's attack.
Urug throws a javelin.
The javelin barely misses you.
Urug throws a javelin.
The javelin barely misses you.
Urug throws a javelin.
The javelin pierces through you!
* * * LOW HITPOINT WARNING * * *
Urug throws a javelin.
The javelin pierces through you!
* * * LOW HITPOINT WARNING * * *
Urug throws a javelin.
The javelin barely misses you.
A yaktaur comes into view.
As you read the scroll of teleportation, it crumbles to dust.
You feel strangely unstable.
Urug throws a javelin.
The javelin pierces through you!
You die...

(Y≈≈#########....................
≈≈≈.# ###########..#.#..........#
≈≈..# #.....# #..#.#..........#
....# #.....# #.)#.#..........#
....###...^.# #..#[##....######
.....##...c.#####..#)#...........
.....)[......................###.
....###......................# #.
....# #.........@............# #.
###.# ##..######...)#'###....# ##
#.# #..#.............#....# #.#
#..#.........##..#....#### #.#
#..#..........#..#....#... #.
###..#..........#..#....#...
#........#......#..#....#...
#....o...#......#..#....#...
#........#......#...........


You could see Urug and a yaktaur.

Vanquished Creatures
  Fannar (D:10)
  Harold (D:11)
  A two-headed ogre (D:9)
  An ugly thing (D:11)
  A cyclops (D:11)
  Joseph (D:10)
  A komodo dragon (D:11)
  2 yaktaurs (D:11)
  3 trolls
  Sigmund (D:5)
  A shadow (D:10)
  11 yaks
  2 wyverns
  3 vampire mosquitoes (D:11)
  4 acid dragons
  An ice beast (D:7)
  4 orc warriors
  A sky beast (D:7)
  3 black bears
  2 necrophages
  An ogre (D:4)
  5 centaurs
  2 phantoms (D:4)
  A bullfrog (D:7)
  2 scorpions
  6 killer bees (D:9)
  8 wights
  4 howler monkeys
  2 bullfrog zombies
  8 centaur zombies
  2 lava snakes (D:8)
  2 jellies
  2 orc priests (D:8)
  3 centaur skeletons
  A gnoll shaman (D:4)
  2 iguanas
  Terence (D:2)
  Ijyb (D:3)
  12 orc wizards
  A hell rat (Sewer)
  A hound skeleton (D:4)
  A howler monkey skeleton (D:7)
  7 gnolls
  8 adders
  5 river rats (Sewer)
  A white imp (D:7)
  3 ufetubi
  An adder skeleton (D:4)
  3 worms
  A dart slug (D:1)
  53 orcs
  14 ball pythons
  6 bats
  9 endoplasms
  2 giant cockroaches
  6 goblins
  8 hobgoblins
  4 jackals (D:2)
  2 quokkas
  2 frilled lizards
  12 kobolds
  12 rats
  A spectral orc (D:9)
273 creatures vanquished.

Notes
Turn   | Place    | Note
-------+----------+-------------------------------------------
     0 | D:1      | Plasmagod the Minotaur Fighter began the quest for the Orb.
     0 | D:1      | Reached XP level 1. HP: 19/19 MP: 0/0
    23 | D:1      | Found Fowus's General Store.
   365 | D:1      | Reached XP level 2. HP: 20/27 MP: 1/1
   538 | D:1      | Found a faded altar of an unknown god.
   559 | D:1      | Prayed at the altar of an unknown god.
   559 | D:1      | Became a worshipper of Dithmenos the Shadowed
   559 | D:1      | Reached * piety under Dithmenos
   979 | D:2      | Reached XP level 3. HP: 32/33 MP: 2/2
  1373 | D:2      | Noticed Terence
  1381 | D:2      | Killed Terence
  1382 | D:2      | Reached XP level 4. HP: 40/40 MP: 3/3
  1765 | D:3      | Reached ** piety under Dithmenos
  1785 | D:3      | Noticed Ijyb
  1797 | D:3      | Killed Ijyb
  1851 | D:3      | Found a blossoming altar of Fedhas.
  2281 | D:3      | Reached XP level 5. HP: 34/47 MP: 4/4
  2303 | D:3      | Reached skill level 5 in Fighting
  2940 | D:4      | Noticed a phantom
  2959 | D:4      | Reached XP level 6. HP: 47/57 MP: 5/5
  2970 | D:4      | Reached skill level 5 in Long Blades
  3060 | D:4      | Reached skill level 5 in Armour
  3064 | D:4      | Found a stormy altar of Qazlal.
  3254 | D:4      | Reached skill level 1 in Dodging
  3254 | D:4      | Reached XP level 7. HP: 49/63 MP: 6/6
  3266 | D:4      | Found a glowing drain.
  3268 | D:4      | Reached *** piety under Dithmenos
  3377 | Sewer    | Entered a sewer
  3639 | Sewer    | Reached skill level 5 in Shields
  4023 | D:4      | Found the amulet of the Four Winds {rN+ Will+++ Clar}
  4091 | D:5      | Entered Level 5 of the Dungeon
  4102 | D:5      | Reached XP level 8. HP: 71/71 MP: 7/7
  4735 | D:6      | Reached **** piety under Dithmenos
  4832 | D:5      | Identified the +8 hand axe "Etorr" {flame, rF+ rCorr Dex+4}
  4998 | D:5      | Noticed Sigmund
  5018 | D:5      | Killed Sigmund
  5231 | D:5      | Found Goumm's Distillery.
  5235 | D:5      | Found an iron altar of Okawaru.
  5240 | D:5      | Bought a potion of haste for 120 gold pieces
  5240 | D:5      | Bought a potion of berserk rage for 60 gold pieces
  5905 | D:7      | Reached skill level 1 in Axes
  5911 | D:7      | Reached skill level 2 in Axes
  6138 | D:7      | Reached XP level 9. HP: 79/79 MP: 8/8
  6304 | D:7      | Reached skill level 3 in Axes
  6375 | D:7      | Found a staircase to the Ecumenical Temple.
  6390 | D:7      | Reached skill level 4 in Axes
  6605 | D:7      | Reached skill level 5 in Axes
  6662 | D:7      | Found a bloodstained altar of Trog.
  6819 | D:7      | Found an opulent altar of Gozag.
  6885 | D:7      | Found a runed translucent door.
  6886 | D:7      | Noticed aloneDruid's ghost (novice DgGl)
  6886 | D:7      | Noticed a gargoyle
  7556 | D:8      | Reached skill level 6 in Axes
  7627 | D:8      | Noticed an orange crystal statue
  7658 | D:8      | Reached skill level 1 in Evocations
  8086 | D:8      | Reached skill level 1 in Throwing
  8585 | D:9      | Reached XP level 10. HP: 72/88 MP: 9/9
  8588 | D:9      | Reached skill level 7 in Axes
  8594 | D:9      | Found a radiant altar of Vehumet.
  8688 | D:9      | Found Juiru's Book Shop.
  8872 | D:9      | Noticed a two-headed ogre
  8879 | D:9      | Killed a two-headed ogre
  8880 | D:9      | Reached skill level 8 in Axes
  9022 | D:9      | Found a sparkling altar of Nemelex Xobeh.
  9075 | D:9      | Found a hide-covered altar of Uskayaw.
  9384 | D:9      | Found a hazy altar of Hepliaklqana.
  9738 | D:10     | Entered Level 10 of the Dungeon
  9778 | D:10     | Reached skill level 9 in Axes
 10001 | D:10     | Identified the +1 short sword "Yvissukh" {vorpal, Dex+5}
 10179 | D:10     | Noticed Fannar
 10198 | D:10     | Killed Fannar
 10199 | D:10     | Reached skill level 10 in Axes
 10199 | D:10     | Reached skill level 1 in Stealth
 10362 | D:10     | Noticed Joseph
 10381 | D:10     | Killed Joseph
 10469 | D:10     | Reached XP level 11. HP: 95/95 MP: 10/10
 10985 | D:10     | Found a staircase to the Orcish Mines.
 11063 | D:10     | Reached skill level 11 in Axes
 11149 | D:10     | Found an ancient bone altar of Kikubaaqudgha.
 11521 | D:11     | Noticed a cyan ugly thing
 11545 | D:11     | Killed a cyan ugly thing
 11759 | D:11     | Reached skill level 10 in Armour
 11955 | D:11     | Noticed Harold
 11985 | D:11     | Killed Harold
 12094 | D:11     | Noticed a death yak
 12101 | D:11     | Noticed a death yak
 12181 | D:11     | Noticed Urug
 12210 | D:11     | Hit by a javelin thrown by Urug

Illustrated notes

Levels and vault maps discovered:
D:1:      minmay_arrival_wavy_path, layout_loops_ring, serial_shops, shop,
          dreamdust_ecumenical_altar_angels_and_demons,
          chequers_decorated_corner
D:2:      layout_basic, uniq_terence
D:3:      layout_basic, fedhas_altar_3, minmay_puff, uniq_ijyb
D:4:      layout_basic, kennysheep_mini, cheibrodos_sewer_entry_sluice,
          minmay_ruptured
D:5:      layout_basic, mainiacjoe_overflow_tiny_flanked, serial_shops, shop,
          hangedman_decor_growths, saegor_snake_ambush, uniq_sigmund
D:6:      layout_cave_pools
D:7:      layout_rooms, nicolae_gozag_cash_rules_everything_around_me,
          marbit_many_paths, minmay_temple_entry_trees,
          ebering_ghost_inner_flame, serial_rivers,
          chequers_serial_rivers_marsh, chequers_serial_rivers_micro_b,
          chequers_serial_rivers_marsh, chequers_serial_rivers_micro_d
D:8:      layout_loops_ring, disabler_island
D:9:      layout_long_grid, nicolae_hepliaklqana_monster_ancestors,
          mainiacjoe_overflow_alcove_2, nemelex_spade_bored_becter,
          nicolae_overflow_crystal_walls, serial_shops, shop_fountains
D:10:     layout_loops_ring, nicolae_kikubaaqudgha_miasma_corner,
          hiddenorc1_lemuel, kennysheep_generic_room_11, uniq_joseph,
          uniq_fannar
D:11:     fort_yaktaur, layout_basic, lair_entry_dummy, uniq_harold, uniq_urug

Skill      XL: |  1  2  3  4  5  6  7  8  9 10 11 |
---------------+----------------------------------+-----
Fighting       | 4 5 6 7 8 9 |  9.4
Shields        | 4 5 6 7 8 9 |  9.1
Armour         | 4 5 6 7 8 9 10 | 10.9
Long Blades    | 3 4 6 7 9 |  9.0
Dodging        | 1 3 |  3.7
Axes           | 2 6 10 11 | 11.8
Evocations     | 1 |  1.8
Throwing       | 1 2 |  2.6
Stealth        | 1 |  1.2

Action                   |  1- 3 |  4- 6 |  7- 9 | 10-12 || total
-------------------------+-------+-------+-------+-------++-------
Melee: Long sword        |    88 |   109 |   140 |       ||   337
       Headbutt          |    10 |    15 |    53 |    66 ||   144
       Falchion          |       |       |    44 |       ||    44
       Hand axe          |       |       |   131 |   253 ||   384
Throw: Stone             |       |       |    73 |    10 ||    83
       Boomerang         |       |       |       |     2 ||     2
Invok: Shadow Step       |       |       |     1 |       ||     1
Evoke: Wand              |       |       |     8 |     7 ||    15
  Use: Scroll            |       |     7 |    12 |     1 ||    20
       Potion            |       |     3 |     4 |     3 ||    10
Armor: Scale mail        |    33 |       |       |       ||    33
       Chain mail        |       |    70 |   155 |    16 ||   241
       Plate armour      |       |       |       |    39 ||    39
Dodge: Dodged            |    33 |    46 |   132 |   109 ||   320
Block: Buckler           |    16 |    19 |    28 |       ||    63
       Kite shield       |       |       |   142 |   143 ||   285
